 Dungeon Crawl Stone Soup version 0.29.1-13-g9f3cf754e1 (webtiles) character file.

Game seed: 2623938746448534252

975 Oxelix the Firebug (level 7, -7/46 HPs)
             Began as a Demonspawn Fire Elementalist on Feb 7, 2023.
             Engulfed by a steam dragon's steam (11 damage)
             ... on level 5 of the Dungeon.
             The game lasted 00:09:49 (5075 turns).

Oxelix the Firebug (Demonspawn Fire Elementalist)   Turns: 5075, Time: 00:09:50

Health: -7/46      AC:  7    Str:  8    XL:     7   Next: 95%
Magic:  19/22      EV: 12    Int: 19    God:
Gold:   184        SH:  0    Dex: 13    Spells: 12/15 levels left

rFire   . . .      SeeInvis .   w - +4 whip
rCold   . . .      Faith    .   (no shield)
rNeg    . . .      Spirit   .   a - +0 robe
rPois   .          Reflect  .   (helmet restricted)
rElec   .          Harm     .   (no cloak)
rCorr   .          Rampage  .   m - +1 pair of gloves
Will    .....                   o - +0 pair of boots
Stlth   ++........              (no amulet)
HPRegen 0.15/turn               d - ring of magical power
MPRegen 0.18/turn               (no ring)

@: about to teleport
A: horns 1, slimy green scales 1, demonic guardian 1, demonic magic 1
a: no special abilities


You were on level 5 of the Dungeon.
You visited 1 branch of the dungeon, and saw 5 of its levels.

You collected 184 gold pieces.

Inventory:

Hand Weapons
 w - a +4 whip (weapon)
Missiles
 x - a throwing net
Armour
 a - a +0 robe (worn)
 k - a +0 ring mail of positive energy
 m - a +1 pair of gloves (worn)
 o - a +0 pair of boots (worn)
Jewellery
 d - a ring of magical power (left hand)
Wands
 f - a wand of charming (18)
 r - a wand of roots (2)
 u - a wand of flame (19)
Scrolls
 c - 7 scrolls of identify {unknown}
 h - a scroll of teleportation
 l - a scroll of poison {unknown}
 n - a scroll of noise {unknown}
 p - 2 scrolls of fog {unknown}
 s - a scroll of enchant weapon {unknown}
 t - a scroll of magic mapping {unknown}
 v - a scroll of enchant armour {unknown}
 y - a scroll of amnesia {unknown}
Potions
 b - 2 potions of magic
 e - a potion of mutation {unknown}
 g - 2 potions of degeneration {unknown}
 i - a potion of cancellation {unknown}
 j - 6 potions of curing {unknown}
 q - a potion of berserk rage {unknown}


   Skills:
 - Level 1.7 Dodging
 - Level 1.7 Stealth
 + Level 4.5 Spellcasting
 + Level 4.5 Conjurations
 * Level 6.5 Fire Magic


You had 12 spell levels left.
You knew the following spells:

 Your Spells              Type           Power      Damage    Failure   Level
a - Foxfire               Conj/Fire      100%       2x1d9     1%          1
b - Scorch                Fire           58%        2d7       1%          2

Your spell library contained the following spells:

 Spells                   Type           Power      Damage    Failure   Level
 Conjure Flame            Conj/Fire      25%        6-21      4%          3
 Inner Flame              Hex/Fire       16%        N/A       11%         3
 Flame Wave               Conj/Fire      25%        2d8       13%         4
 Ensorcelled Hibernation  Hex/Ice        8%         N/A       21%         2
 Passwall                 Tmut/Erth      3%         N/A       21%         2
 Swiftness                Air            4%         N/A       36%         3
 Summon Forest            Summ/Tloc      2%         N/A       98%         5
 Summon Mana Viper        Hex/Summ       4%         N/A       98%         5
 Summon Cactus Giant      Summ           2%         N/A       100%        6


Dungeon Overview and Level Annotations

Branches:
Dungeon (5/15)
 Temple: D:4-7

Altars:
Trog


Innate Abilities, Weirdness & Mutations

You have a pair of small horns on your head.
You are partially covered in slimy green scales. (AC +2)
A weak demonic guardian rushes to your aid.
Spells you cast may paralyse adjacent enemies.


Message History

You see here 4 stones.
A steam dragon comes into view.
You see here a scroll labelled ZOCOSTR UKHAUZ.
y - a scroll labelled ZOCOSTR UKHAUZ The steam dragon hisses angrily.
You conjure some foxfire!
Malevolent energies surge around you. The steam dragon breathes steam at you.
The ball of steam hits you!
A steam dragon comes into view.
You conjure some foxfire!
Malevolent energies surge around you.
You are engulfed in a cloud of scalding steam.
You conjure some foxfire!
Malevolent energies surge around you.
You are engulfed in a cloud of scalding steam.
The fungus is engulfed in a cloud of scalding steam.
The fungus begins to die.
The fungus is engulfed in a cloud of scalding steam.
The fungus begins to die.
Your foxfire dissipates!
The foxfire hits the steam dragon!
The steam dragon is moderately wounded.
The foxfire hits the steam dragon.
The steam dragon is heavily wounded.
The foxfire hits the steam dragon.
The steam dragon is severely wounded.
The foxfire hits the steam dragon.
The steam dragon is almost dead.
The steam dragon breathes steam at you.
The ball of steam hits the fungus!
The ball of steam hits you!
A demonic guardian appears!
The fungus is engulfed in a cloud of scalding steam.
The steam dragon breathes steam at you. The ball of steam hits your white imp!
Your white imp dies!
Your white imp disappears in a puff of smoke!
The ball of steam hits you!
* * * LOW HITPOINT WARNING * * *
As you read the scroll labelled YQEFID LATU, it crumbles to dust.
You feel strangely unstable.
It was a scroll of teleportation.
You are engulfed in a cloud of scalding steam.
You die...

#^~.~#
##W.##
##~..#
##..#
#..~#
##.#
#..~#
#.#
#~.P#
#.#
#.~##
#.#
#.~#
#r###
##..#
#.W.#
#≈@~#
#o..#
#P.§#
#...#
#~§§#
#...#
#..P#
##..##
#§.P#
#.....
#^§~#
#....†
~~D.≈
#..###
#~..~~~
#..#
P~....~
#..#


There were no monsters in sight!

Vanquished Creatures
  Sigmund (D:2)
  A black bear (D:4)
  An ogre (D:5)
  2 phantoms (D:5)
  2 scorpions
  A jelly (D:4)
  Ijyb (D:4)
  Natasha (thrice) (D:2)
  An orc wizard (D:5)
  3 gnolls (D:4)
  10 adders
  A worm (D:2)
  5 dart slugs
  5 orcs (D:4)
  12 endoplasms
  4 giant cockroaches
  5 goblins
  7 hobgoblins
  4 jackals
  3 quokkas
  3 ball pythons
  3 bats (D:1)
  8 frilled lizards
  8 kobolds
  2 rats
96 creatures vanquished.

Vanquished Creatures (collateral kills)
  A quokka (D:1)
  A frilled lizard (D:2)
  2 foxfires
4 creatures vanquished.

Vanquished Creatures (others)
  399 foxfires
  2 fungi (D:5)
401 creatures vanquished.

Grand Total: 501 creatures vanquished

Notes
Turn   | Place    | Note
-------+----------+-------------------------------------------
     0 | D:1      | Oxelix the Demonspawn Fire Elementalist began the quest for
                  | the Orb.
     0 | D:1      | Reached XP level 1. HP: 13/13 MP: 3/3
   403 | D:1      | Reached skill level 3 in Fire Magic
   437 | D:1      | Gained mutation: A weak demonic guardian rushes to your
                  | aid. [demonic ancestry]
   437 | D:1      | Reached XP level 2. HP: 19/19 MP: 5/5
  1556 | D:2      | Learned a level 2 spell: Scorch
  1565 | D:2      | Reached XP level 3. HP: 24/24 MP: 6/6
  1699 | D:2      | Noticed Sigmund
  1713 | D:2      | Killed Sigmund
  1714 | D:2      | Reached skill level 4 in Fire Magic
  1714 | D:2      | Gained mutation: You have a pair of small horns on your
                  | head. [demonic ancestry]
  1714 | D:2      | Reached XP level 4. HP: 26/30 MP: 7/8
  1714 | D:2      | Gained mutation: Spells you cast may paralyse adjacent
                  | enemies. [demonic ancestry]
  1714 | D:2      | Reached XP level 5. HP: 30/35 MP: 7/9
  2002 | D:2      | Noticed Natasha
  2006 | D:2      | Killed Natasha
  2133 | D:2      | Noticed Natasha
  2136 | D:2      | Killed Natasha
  2137 | D:2      | Gained mutation: You are partially covered in slimy green
                  | scales. (AC +2) [demonic ancestry]
  2137 | D:2      | Reached XP level 6. HP: 41/41 MP: 11/11
  2308 | D:2      | Noticed Natasha
  2319 | D:2      | Killed Natasha
  2657 | D:3      | Reached skill level 5 in Fire Magic
  2751 | D:3      | Found a bloodstained altar of Trog.
  3768 | D:4      | Noticed Ijyb
  3786 | D:4      | Killed Ijyb
  4268 | D:4      | Reached XP level 7. HP: 46/46 MP: 12/12
  4768 | D:5      | Entered Level 5 of the Dungeon
  4865 | D:5      | Reached skill level 6 in Fire Magic
  5068 | D:5      | Noticed a steam dragon
  5070 | D:5      | Noticed a steam dragon
  5075 | D:5      | Engulfed by a steam dragon's steam

Illustrated notes

Levels and vault maps discovered:
D:1:      matt_arrival_refuge, layout_loops_corners, minivault_26,
          chequers_serial_rivers_small_b, dreamdust_princess_bridge,
          serial_bayou_crossing
D:2:      layout_rooms, hangedman_decor_riveting, uniq_natasha, uniq_sigmund
D:3:      layout_basic, mainiacjoe_overflow_six_doors_small, zin_treasury,
          patterned_corridor
D:4:      layout_gridville, minmay_misc_feat_rugged, uniq_ijyb
D:5:      kennysheep_steamy, layout_basic, minmay_temple_entry_mini_moons,
          minmay_chambers_of_fives, uniq_prince_ribbit1, uniq_menkaure

Skill      XL: |  1  2  3  4  5  6  7 |
---------------+----------------------+-----
Fire Magic     | 3 4 5 6 |  6.5
Spellcasting   | 3 4 |  4.5
Conjurations   | 2 3 4 |  4.5
Dodging        | |  1.7
Stealth        | |  1.7

Action                   |  1- 3 |  4- 6 |  7- 9 || total
-------------------------+-------+-------+-------++-------
Melee: Dagger            |     4 |       |       ||     4
       Unarmed           |     4 |       |       ||     4
 Cast: Foxfire           |    64 |   125 |    54 ||   243
       Scorch            |     1 |    13 |    11 ||    25
  Use: Scroll            |       |       |     1 ||     1
Armor: Robe              |       |     5 |     3 ||     8
Dodge: Dodged            |     8 |     8 |     2 ||    18
